 Dungeon Crawl Stone Soup version 0.20-a0-1000-g0e8f6bb (webtiles) character file.

133 Duffy the Chopper (level 5, -2/49 HPs)
             Began as a Naga Fighter on Apr 12, 2017.
             Was an Initiate of Ru.
             Slain by an ogre
             ... wielding a +0 giant club
              (13 damage)
             ... on level 4 of the Dungeon.
             The game lasted 00:02:54 (2207 turns).

Duffy the Chopper (Naga Fighter)                    Turns: 2207, Time: 00:02:55

Health: -2/49      AC:  6    Str: 20    XL:     5   Next: 16%
Magic:  5/5        EV:  5    Int:  8    God:    Ru [......]
Gold:   110        SH:  0    Dex: 10    Spells: 4/4 levels left

rFire    . . .     SeeInvis +   a - +0 war axe
rCold    . . .     Gourm    .   c - +0 shield
rNeg     . . .     Faith    .   b - +1 scale mail
rPois    +         Spirit   .   (no helmet)
rElec    .         Reflect  .   (no cloak)
rCorr    .         Harm     .   (no gloves)
MR       .....                  (no barding)
Stlth    ..........             j - amulet of regeneration
Regen    0.6/turn               (no ring)
MPRegen  0.1/turn               (no ring)

@: confused, very slow
A: see invisible, deformed body, poison resistance, slowness 2, slow metabolism
1, spit poison 1, AC +1
a: Spit Poison, Renounce Religion


You were on level 4 of the Dungeon.
You worshipped Ru.
Ru was noncommittal.
You were hungry.

You visited 1 branch of the dungeon, and saw 4 of its levels.

You collected 110 gold pieces.

Inventory:

Hand Weapons
 a - a +0 war axe (weapon)
Missiles
 e - 5 curare-tipped needles
Armour
 b - a +1 scale mail (worn)
 c - a +0 shield (worn)
Jewellery
 j - an amulet of regeneration (around neck)
Potions
 d - a potion of might
 h - 3 potions of agility
 i - a potion of ambrosia
 k - a potion of magic {unknown}
 p - a potion of brilliance {unknown}
Comestibles
 f - 3 bread rations
 m - a meat ration
 q - 2 royal jellies


   Skills:
 - Level 3.0 Fighting
 + Level 3.9 Axes
 - Level 2.4 Armour
 + Level 3.6 Shields


You had 4 spell levels left.
You didn't know any spells.

Dungeon Overview and Level Annotations

Branches:
Dungeon (4/15)
 Temple: D:4-7

Altars:
Ru
Trog

Annotations:
D:3 no0bjke's ghost, amateur GrFi


Innate Abilities, Weirdness & Mutations

You cannot wear boots.
Your serpentine skin is tough. (AC +1)
You have supernaturally acute eyesight. (SInv)
Armour fits poorly on your strangely shaped body.
Your system is resistant to poisons. (rPois)
You cover ground very slowly.
You have a slow metabolism.
You can spit poison.


Message History

The splash of poison misses the ogre.
You feel slightly more hungry.
You can't do that yet.
You are feeling hungry.
You have got your breath back.
You slash the ogre!
The ogre is moderately wounded.
The ogre hits you with a giant club!
You closely miss the ogre.
The ogre is moderately wounded.
The ogre hits you with a giant club!!
You are too injured to fight recklessly!
You are too injured to fight recklessly!
You are too injured to fight recklessly!
You barely miss the ogre.
The ogre is moderately wounded.
The ogre hits you with a giant club!!
It was a potion of ambrosia.
You are confused.
You feel invigorated. The ogre hits you with a giant club!
You die...

#. ##. ##.. ####
##..# #..## ##..##
#...##
########..##
###..##
###........##
##..###.........##
##.@...#########
#..O.## # #.>..##
# #.....## ##
#..###..# #. #.##
##..# #. #. ##..#
#. #. #..# #. ##
...# #.


You could see an ogre.

Vanquished Creatures
  Natasha (D:3)
  3 adders
  An ooze (D:2)
  2 worms (D:2)
  2 dart slugs (D:2)
  3 leopard geckos
  An orc (D:3)
  5 giant cockroaches
  5 goblins
  10 hobgoblins
  4 jackals (D:1)
  3 kobolds
  8 bats
  6 frilled lizards
  A jackal skeleton (D:4)
  9 rats
64 creatures vanquished.

Notes
Turn   | Place    | Note
-------+----------+-------------------------------------------
     0 | D:1      | Duffy the Naga Fighter began the quest for the Orb.
     0 | D:1      | Reached XP level 1. HP: 21/21 MP: 1/1
   326 | D:1      | Reached XP level 2. HP: 20/28 MP: 2/2
   934 | D:1      | Reached XP level 3. HP: 32/34 MP: 3/3
  1395 | D:2      | Reached XP level 4. HP: 30/42 MP: 4/4
  1548 | D:2      | Found a bloodstained altar of Trog.
  1838 | D:3      | Noticed no0bjke's ghost (amateur GrFi)
  1935 | D:3      | Noticed Natasha
  1943 | D:3      | Killed Natasha
  1943 | D:3      | Reached XP level 5. HP: 36/49 MP: 5/5
  2080 | D:4      | Found a sacrificial altar of Ru.
  2114 | D:4      | Became a worshipper of Ru the Awakened
  2196 | D:4      | Noticed an ogre
  2207 | D:4      | Slain by an ogre

Vault maps used:
D:1:      dpeg_arrival_chambers_temple_mockup
D:2:      serial_glass, glass_columns_b, glass_columns_c, first_bread,
          trog_three_pillars_becter
D:3:      grunt_decor_one_mirror, nicolae_dithmenos_through_a_glass_darkly,
          uniq_crazy_yiuf_cottage, uniq_natasha
D:4:      old_standard_altar, temple_fountains, uniq_sigmund, uniq_eustachio,
          uniq_iyjb

Skill      XL: |  1  2  3 |
---------------+----------+-----
Shields        | 3 |  3.6
Axes           | 3 |  3.9
Fighting       | |  3.0
Armour         | |  2.4

Action                   |  1- 3 |  4- 6 || total
-------------------------+-------+-------++-------
Melee: War axe           |   143 |    67 ||   210
 Abil: Spit Poison       |       |     3 ||     3
  Use: Scroll            |       |     7 ||     7
       Potion            |       |     1 ||     1
  Eat: Chunk             |     1 |     2 ||     3
Armor: Scale mail        |    69 |    25 ||    94
Dodge: Dodged            |    33 |    22 ||    55
Block: Shield            |    68 |    36 ||   104
